 Dungeon Crawl Stone Soup version 0.18.1-1-g2f07953 (webtiles) character file.

240 Chiseanne the Skirmisher (level 6, -1/63 HPs)
             Began as an Ogre Air Elementalist on May 7, 2016.
             Slain by a centaur zombie (8 damage)
             ... on level 3 of the Dungeon.
             The game lasted 00:06:31 (3386 turns).

Chiseanne the Skirmisher (Ogre Air Elementalist)    Turns: 3386, Time: 00:06:32

Health: -1/63      AC:  3    Str: 14    XL:     6   Next: 8%
Magic:  9/9        EV: 10    Int: 14    God:
Gold:   147        SH:  0    Dex: 12    Spells: 2 memorised, 6 levels left

rFire  . . .     SeeInvis .     e - +1 spear (venom)
rCold  . . .     Gourm    .     a - +0 robe
rNeg   . . .     Faith    .     (no shield)
rPois  .         Spirit   .     (helmet restricted)
rElec  .         Dismiss  .     (no cloak)
rCorr  .         Reflect  .     (gloves unavailable)
SustAt .         Harm     .     (boots unavailable)
MR     .....                    (no amulet)
Stlth  ++........               (no ring)
                                (no ring)

@: lethally poisoned (-1 -> -2), repel missiles, not resistant to hostile
enchantments, unstealthy
A: unfitting armour, tough skin 1
a: no special abilities


You were on level 3 of the Dungeon.
You were not hungry.

You visited 1 branch of the dungeon, and saw 3 of its levels.

You collected 147 gold pieces.

Inventory:

Hand Weapons
 e - a +1 spear of venom (weapon)
 l - a +1 mace
 q - a +0 hunting sling
Missiles
 d - 14 sling bullets
 g - a javelin (quivered)
 k - 122 stones
Armour
 a - a +0 robe (worn)
Scrolls
 h - 2 scrolls of teleportation
 m - a scroll of fog {unknown}
 o - 2 scrolls of immolation
 p - 4 scrolls of enchant weapon
 r - a scroll of identify
 s - a scroll of remove curse
Potions
 f - a potion of cure mutation
 n - a potion of flight
Books
 b - a book of Air

   Spells                             Type                      Level
   a - Shock                          Conjuration/Air              1
   b - Swiftness                      Charms/Air                   2
   c - Repel Missiles                 Charms/Air                   2
   d - Static Discharge               Conjuration/Air              3
   e - Lightning Bolt                 Conjuration/Air              5
Comestibles
 c - 2 bread rations
 i - a slice of pizza
 j - a meat ration


   Skills:
 * Level 4.4 Fighting
 * Level 4.2 Maces & Flails
 * Level 2.7 Throwing
 - Level 1.7 Dodging
 - Level 1.5 Stealth
 - Level 2.4 Spellcasting
 - Level 0.6 Conjurations
 - Level 2.1 Air Magic


You had 6 spell levels left.
You knew the following spells:

 Your Spells              Type           Power        Failure   Level  Hunger
a - Shock                 Conj/Air       #...         14%         1    #......
b - Repel Missiles        Chrm/Air       #.....       24%         2    ###....


Dungeon Overview and Level Annotations

Branches:
Dungeon (3/15)

Altars:


Innate Abilities, Weirdness & Mutations

You are too large for most types of armour.
You have tough skin (AC +1).


Message History

The gnoll hits you from afar with a spear.
You barely miss the gnoll.
The gnoll is moderately wounded.
You feel sick.
The gnoll hits you with a spear of venom!
* * * LOW HITPOINT WARNING * * *
The gnoll hits you but does no damage. The gnoll closely misses you.
You feel sick.
The gnoll hits you from afar with a spear!
* * * LOW HITPOINT WARNING * * *
A centaur zombie comes into view.
You feel sick.
Found a club.
You feel sick.
You kill the gnoll!
The centaur zombie barely misses you.
You feel sick. The centaur zombie hits you!
You die...

...# .. ...# #..# ...#
#######....### ...#
#...@......... ...#
#...Z###.....## ...#
.###....##.......# ...###
........##....(..#
.....##.#.#...##g##......(#
...#.........###.##......##
####......................#
..........#.####.##g......#
##....... # )..#........#


You could see a gnoll and a centaur zombie.

Vanquished Creatures
  An ogre (D:3)
  5 gnolls
  2 adders
  An ooze (D:1)
  2 worms (D:2)
  3 dart slugs
  2 giant geckos (D:2)
  2 orcs (D:3)
  3 giant cockroaches
  8 goblins
  13 hobgoblins
  9 kobolds
  2 ball pythons (D:3)
  9 bats
  4 giant newts
  3 rats (D:1)
69 creatures vanquished.

Notes
Turn   | Place    | Note
--------------------------------------------------------------
     0 | D:1      | Chiseanne the Ogre Air Elementalist began the quest for the Orb.
     0 | D:1      | Reached XP level 1. HP: 16/16 MP: 3/3
   234 | D:1      | Reached skill level 1 in Fighting
   241 | D:1      | Reached skill level 1 in Maces & Flails
   457 | D:1      | Reached XP level 2. HP: 28/28 MP: 5/5
   847 | D:1      | Reached XP level 3. HP: 36/36 MP: 6/6
   984 | D:1      | Reached skill level 1 in Throwing
  1431 | D:2      | Reached XP level 4. HP: 28/45 MP: 7/7
  2855 | D:3      | Noticed an ogre
  2861 | D:3      | Killed an ogre
  2861 | D:3      | Reached XP level 5. HP: 51/54 MP: 8/8
  2938 | D:3      | Learned a level 2 spell: Repel Missiles
  3367 | D:3      | Reached XP level 6. HP: 52/63 MP: 9/9
  3386 | D:3      | Slain by a centaur zombie

Skill      XL: |  1  2  3  4  5 |
---------------+----------------+-----
Fighting       | 1 2 3 4 |  4.4
Maces & Flails | 1 2 3 4 |  4.2
Throwing       | 1 2 |  2.7
Dodging        | |  1.7
Stealth        | |  1.5
Spellcasting   | |  2.4
Conjurations   | |  0.6
Air Magic      | |  2.1

Action                   |  1- 3 |  4- 6 || total
-------------------------+-------+-------++-------
Melee: Club              |    37 |       ||    37
       Unarmed           |    11 |       ||    11
       Mace              |    65 |   142 ||   207
       Spear             |       |     3 ||     3
Throw: Javelin           |     5 |    19 ||    24
       Tomahawk          |       |     2 ||     2
 Cast: Repel Missiles    |       |     1 ||     1
  Use: Scroll            |     6 |     5 ||    11
       Potion            |       |     1 ||     1
 Stab: Sleeping          |     3 |     1 ||     4
  Eat: Chunk             |     2 |     6 ||     8
Armor: Robe              |    31 |    58 ||    89
Dodge: Dodged            |    64 |   129 ||   193
